 Dungeon Crawl Stone Soup version 0.30-a0-528-g8c47a4955b (webtiles) character file.

Game seed: 1075917953180227462

181 bande the Trooper (level 5, -3/33 HPs)
             Began as a Gargoyle Fighter on Dec 24, 2022.
             Was an Initiate of Okawaru.
             Slain by an iguana (5 damage)
             ... on level 4 of the Dungeon.
             The game lasted 00:03:42 (2412 turns).

bande the Trooper (Gargoyle Fighter)                Turns: 2412, Time: 00:03:42

Health: -3/33      AC: 14    Str: 19    XL:     5   Next: 61%
Magic:  5/5        EV:  7    Int:  9    God:    Okawaru [......]
Gold:   164        SH:  4    Dex: 11    Spells: 4/4 levels left

rFire   . . .      SeeInvis .    a - +0 war axe
rCold   . . .      Faith    .    c - +0 buckler
rNeg    + + .      Spirit   .    p - +0 chain mail
rPois   ∞          Reflect  .    (no helmet)
rElec   +          Harm     .    u - +0 cloak
rCorr   .          Rampage  .    (no gloves)
Will    .....                    (no boots) Stlth
                                 (no amulet)
HPRegen 0.25/turn                g - ring of positive energy
MPRegen 0.09/turn                (no ring)

@: no status effects
A: sickness immunity, AC +4, negative energy resistance 1, electricity
resistance, torment resistance 1, petrification resistance
a: Renounce Religion


You were on level 4 of the Dungeon.
You worshipped Okawaru.
Okawaru was noncommittal.
You visited 1 branch of the dungeon, and saw 4 of its levels.

You collected 164 gold pieces.

Inventory:

Hand Weapons
 a - a +0 war axe (weapon)
 h - a +2 sling of freezing
 o - a +0 morningstar
Missiles
 j - 3 boomerangs (quivered)
 r - 3 javelins
Armour
 c - a +0 buckler (worn)
 p - a +0 chain mail (worn)
 u - a +0 cloak (worn)
Jewellery
 g - a ring of positive energy (left hand)
 m - a +6 ring of dexterity
 q - a ring of magical power
Wands
 t - a wand of roots (7)
Scrolls
 f - 2 scrolls of teleportation
 i - 2 scrolls of poison
 l - a scroll of identify
Potions
 b - 2 potions of heal wounds {unknown}
 d - a potion of might
 e - 2 potions of berserk rage
 k - a potion of resistance {unknown}
 n - 2 potions of attraction {unknown}


   Skills:
 + Level 4.1 Fighting
 + Level 3.7 Axes
 + Level 4.1 Armour
 - Level 0.3 Stealth
 + Level 3.8 Shields
 * Level 0.4 Evocations


You had 4 spell levels left.
You didn't know any spells.
Your spell library was empty.

Dungeon Overview and Level Annotations

Branches:
Dungeon (4/15)
 Temple: D:4-7

Altars:
Okawaru
Zin


Innate Abilities, Weirdness & Mutations

You are immune to sickness and miasma.
Your stone body is resilient. (AC +4)
You are immune to poison.
You resist negative energy. (rN+)
You are resistant to electric shocks. (rElec)
You are resistant to unholy torment.
You are immune to petrification.


Message History

The quokka bites you but does no damage.
You slash the quokka!
You kill the quokka!
Okawaru accepts your kill.
You hit the adder.
The adder bites you but does no damage. x2
You slash the adder!
You kill the adder!
Okawaru accepts your kill.
You hit the iguana but do no damage.
The iguana bites you but does no damage.
The iguana bites you!
An iguana is nearby!
You barely miss the iguana. The iguana closely misses you.
You barely miss the iguana. The iguana barely misses you. The iguana bites you.
You barely miss the iguana. The iguana bites you!
* * * LOW HITPOINT WARNING * * *
You are too injured to fight recklessly!
You are too injured to fight recklessly!
You are too injured to fight recklessly!
You are too injured to fight recklessly!
You are too injured to fight recklessly!
You are too injured to fight recklessly!
You are too injured to fight recklessly!
You are too injured to fight recklessly!
You hit the iguana.
The iguana is moderately wounded.
You block the iguana's attack.
You completely miss the iguana.
The iguana is moderately wounded.
The iguana bites you.
* * * LOW HITPOINT WARNING * * *
The iguana bites you but does no damage.
You barely miss the iguana.
The iguana is moderately wounded.
The iguana bites you.
* * * LOW HITPOINT WARNING * * *
You barely miss the iguana.
The iguana is moderately wounded.
The iguana bites you.
You die...

### #.#################
#.................#
#.###############.# #.#
#.#.#.## #..
#.####~~~~~~#######
#...#_.)...((......
######~~~≈~~######.
#l@..##.#.#.#....(.
......†.#.############..
.###.#).#...............
.. ##.#..#.##########.
.?. >.#...............
#. ####.#.########.## #
..........#### #.#
.#####)......# #.#
#.....#..##.# #.#


You could see an iguana.

Vanquished Creatures
  An orc priest (D:3)
  A hound (D:3)
  Jessica (D:3)
  An adder (D:4)
  A worm (D:2)
  A dart slug (D:2)
  6 orcs
  3 endoplasms
  6 giant cockroaches
  3 goblins
  6 hobgoblins
  9 jackals
  3 quokkas
  6 ball pythons
  6 bats
  3 frilled lizards
  10 kobolds
  5 rats
72 creatures vanquished.

Notes
Turn   | Place    | Note
-------+----------+-------------------------------------------
     0 | D:1      | bande the Gargoyle Fighter began the quest for the Orb.
     0 | D:1      | Reached XP level 1. HP: 14/14 MP: 1/1
    19 | D:1      | Found a faded altar of an unknown god.
   119 | D:1      | Reached XP level 2. HP: 19/19 MP: 2/2
   438 | D:2      | Found a glowing silver altar of Zin.
   520 | D:2      | Reached XP level 3. HP: 24/24 MP: 3/3
  1073 | D:3      | Noticed Jessica
  1080 | D:3      | Killed Jessica
  1081 | D:3      | Reached XP level 4. HP: 12/29 MP: 4/4
  1729 | D:3      | Reached XP level 5. HP: 29/33 MP: 5/5
  1795 | D:3      | Identified the +1 ring mail "Olosch" {Drain Regen+ rCorr
                  | MP+9}
  2345 | D:4      | Found an iron altar of Okawaru.
  2368 | D:4      | Became a worshipper of Warmaster Okawaru
  2411 | D:4      | HP: 1/33 [iguana (3)]
  2412 | D:4      | Slain by an iguana

Illustrated notes

Levels and vault maps discovered:
D:1:      dpeg_arrival_tiny_j, layout_basic, basic_ecumenical_altar,
          serial_bayou_pond_e
D:2:      layout_loops_ring, basic_altar, columned_hall_lemuel
D:3:      minmay_wonky_spiral, layout_rooms, chequers_serial_rivers_room_a,
          uniq_jessica
D:4:      layout_basic, okawaru_altar_gauntlet_db, minmay_temple_entry_waves

Skill      XL: |  1  2  3  4 |
---------------+-------------+-----
Axes           | 2 3 |  3.7
Fighting       | 4 |  4.1
Armour         | 4 |  4.1
Stealth        | |  0.3
Shields        | |  3.8
Evocations     | |  0.4

Action                   |  1- 3 |  4- 6 || total
-------------------------+-------+-------++-------
Melee: War axe           |    84 |   102 ||   186
  Use: Scroll            |       |     7 ||     7
Armor: Scale mail        |    42 |       ||    42
       Chain mail        |    24 |    76 ||   100
Dodge: Dodged            |    42 |    50 ||    92
Block: Buckler           |    16 |    18 ||    34

Table legend: (Time is in decaauts)
 A = Elapsed time spent in this place.
 B = Non-inter-level travel time spent in this place.
 C = Inter-level travel time spent in this place.
 D = Time resting spent in this place.
 E = Time spent auto-exploring this place.
 F = Levels seen in this place.
 G = Mean time per level.
                   A        B        C        D        E       F      G
               +--------+--------+--------+--------+--------+-----+--------+
         Total |   2492 |   2454 |     38 |    536 |   1375 |   4 |  623.0 |
       Dungeon |   2492 |   2454 |     38 |    536 |   1375 |   4 |  623.0 |
               +--------+--------+--------+--------+--------+-----+--------+

Top non-repeatable levels by time:
     D:3: 1144 daAuts
     D:2: 714 daAuts
     D:1: 373 daAuts
     D:4: 259 daAuts
